 Dungeon Crawl Stone Soup version 0.22-a0-553-g9358b0b (webtiles) character file.

39 inc the Firebug (level 3, -3/21 HPs)
             Began as an Octopode Fire Elementalist on June 25, 2018.
             Slain by a scorpion (4 damage)
             ... on level 4 of the Dungeon.
             The game lasted 00:03:08 (1374 turns).

inc the Firebug (Octopode Fire Elementalist)        Turns: 1374, Time: 00:03:09

Health: -3/21      AC:  1    Str:  9    XL:     3   Next: 47%
Magic:  0/6        EV: 13    Int: 16    God:
Gold:   37         SH:  0    Dex: 12    Spells: 5/6 levels left

rFire    . . .     SeeInvis .   f - +1 dagger
rCold    . . .     Gourm    .   (no shield)
rNeg     . . .     Faith    .   (helmet restricted)
rPois    .         Spirit   .   e - amulet of inaccuracy (curse)
rElec    .         Reflect  .   a - +2 ring of strength
rCorr    +         Harm     .   d - ring of resist corrosion
MR       .....                  (no ring)
Stlth    +++.......             (no ring)
HPRegen  0.07/turn              (no ring)
MPRegen  0.10/turn              (no ring)
                                (no ring)
                                (no ring)

@: no status effects
A: almost no armour, stealthy swim, amphibious, 8 rings, constrict 8, camouflage
1, blurry vision 2, dopey 1, mutation resistance 1, gelatinous body 1
a: no special abilities


You were on level 4 of the Dungeon.
You were not hungry.

You visited 1 branch of the dungeon, and saw 4 of its levels.

You collected 37 gold pieces.

Inventory:

Hand Weapons
 f - a +1 dagger (weapon)
Jewellery
 a - a +2 ring of strength (left tentacle)
 d - a ring of resist corrosion (right tentacle)
 e - a cursed amulet of inaccuracy (around mantle)
Scrolls
 g - a scroll of identify
 k - 2 scrolls of enchant weapon
Potions
 c - 2 potions of curing {unknown}
 h - a potion of resistance
 i - a potion of magic {unknown}
Comestibles
 b - 2 rations


   Skills:
 - Level 2.0 Dodging
 - Level 2.6 Stealth
 - Level 2.0 Spellcasting
 + Level 3.1 Conjurations
 + Level 3.1 Fire Magic


You had 5 spell levels left.
You knew the following spells:

 Your Spells              Type           Power        Failure   Level  Hunger
a - Flame Tongue          Conj/Fire      ##...        6%          1    #......

Your spell library contained the following spells:

 Spells                   Type           Power        Failure   Level  Hunger
 Fireball                 Conj/Fire      ##........   85%         5    ######.
 Conjure Flame            Conj/Fire      ##......     17%         3    ###....
 Throw Flame              Conj/Fire      ##....       9%          2    ###....
 Sticky Flame             Conj/Fire      ##......     50%         4    #####..
 Inner Flame              Hex/Fire       #.......     32%         3    ###....


Dungeon Overview and Level Annotations

Branches:
Dungeon (4/15)
 Temple: D:4-7

Altars:


Innate Abilities, Weirdness & Mutations

You cannot wear most types of armour.
You are very stealthy in the water. (Stealth+)
You are amphibious.
You can wear up to eight rings at the same time.
You can use your tentacles to constrict eight enemies at once.
Your skin changes colour to match your surroundings (Stealth+).
Your rubbery body absorbs attacks. (AC +1, EV +1)
Scrolls take you longer to read.
You are dopey. (Int -2)
You are somewhat resistant to further mutation.


Message History

The flame tongue misses the iguana.
The orc priest begins to cast a cantrip, but forgets the words!
The iguana bites you!
Ouch! That really hurt!
* * * LOW HITPOINT WARNING * * *
Unknown command.
Casting: Flame Tongue (safe; 4% risk of failure)
Confirm with . or Enter, or press ? or * to list all spells.
Aiming: Flame Tongue (safe; 4% risk of failure)
Press: ? - help, Shift-Dir - straight line, f/p - iguana
Aim: an iguana (heavily wounded)
The flame tongue misses the iguana.
The flame tongue hits the orc.
You kill the orc!
An orc comes into view.
The scorpion barely misses you. The iguana completely misses you.
Unknown command.
It was a potion of mutation.
You feel extremely strange.
You feel stupid.
Your vision blurs. x2; You feel genetically stable.
The orc closely misses you. The scorpion stings you.
You die...

#### # ##.<###>##
#.).l@...#
....o...os......
....#.........###
........oo....(#
...........##....
...###.#o#.. #...
.. #o#.##.. ...
....# ... .[


You could see a scorpion, an iguana, an orc priest and 5 orcs.

Vanquished Creatures
  2 dart slugs
  A leopard gecko (D:1)
  An orc (D:4)
  A ball python (D:1)
  5 bats
  A giant cockroach (D:1)
  4 goblins
  4 hobgoblins (D:1)
  3 kobolds
  4 frilled lizards (D:1)
  5 rats
31 creatures vanquished.

Notes
Turn   | Place    | Note
-------+----------+-------------------------------------------
     0 | D:1      | inc the Octopode Fire Elementalist began the quest for the Orb.
     0 | D:1      | Reached XP level 1. HP: 11/11 MP: 3/3
    69 | D:1      | Reached XP level 2. HP: 6/17 MP: 1/5
   575 | D:1      | Reached XP level 3. HP: 15/21 MP: 3/6
  1356 | D:2      | You fall through a shaft!
  1369 | D:4      | Noticed a scorpion
  1372 | D:4      | HP: 1/21 [iguana (14)]
  1374 | D:4      | Gained mutation: You are dopey. (Int -2) [potion of mutation]
  1374 | D:4      | Gained mutation: Scrolls take you a little longer to read. [potion of mutation]
  1374 | D:4      | Gained mutation: Scrolls take you longer to read. [potion of mutation]
  1374 | D:4      | Gained mutation: You are somewhat resistant to further mutation. [potion of mutation]
  1374 | D:4      | Slain by a scorpion

Vault maps used:
D:1:      onia_arrival_pyramid
D:2:      uniq_sigmund
D:3:      cheibrodos_sewer_entry_bend, kennysheep_doodads
D:4:      chequers_temple_overflow_minitemple,
          minmay_temple_entry_enclosed_plants

Skill      XL: |  1  2  3 |
---------------+----------+-----
Conjurations   | 2 3 |  3.1
Dodging        | |  2.0
Stealth        | |  2.6
Spellcasting   | |  2.0
Fire Magic     | |  3.1

Action                   || total
-------------------------++-------
Melee: Unarmed           ||    32
       Constrict         ||     9
       Tentacles         ||     2
       Dagger            ||    15
 Cast: Flame Tongue      ||    50
  Use: Scroll            ||     4
       Potion            ||     1
  Eat: Chunk             ||     2
Armor: Skin              ||    18
Dodge: Dodged            ||    73

Table legend:
 A = Spawn XP
 B = Non-spawn XP
 C = Spawn XP percentage of total XP
 D = Spawn monster count
 E = Non-spawn monster count
 F = Spawn count percentage of total count
 G = Total turns spent on level
                    A         B        C        D         E        F      G
               +---------+---------+-------+---------+---------+-------+---------
         Total |       0 |      57 |   0.0 |       0 |      31 |   0.0 |  1374
               +---------+---------+-------+---------+---------+-------+---------
           D:1 |       0 |      42 |   0.0 |       0 |      24 |   0.0 |  1053
           D:2 |       0 |      12 |   0.0 |       0 |       6 |   0.0 |   303
           D:4 |       0 |       3 |   0.0 |       0 |       1 |   0.0 |     9
               +---------+---------+-------+---------+---------+-------+---------
